[ AOE2 MATCH · #473795272 ]
UnrankedTeutons vs Georgians
Player's team · LOSS
[ REPLAY ANALYSIS · EXTRACTED FROM THE RECORDED GAME ]
Feudal
11:12
Castle
14:48
Imperial
27:56
| APM avg | 61.0 |
| APM peak | 117 |
| eAPM avg | 33.6 |
| Villagers / military | 143 / 202 |
Focus
⚔️ 35.6% · 🌾 64.4%
Spearman ×146 · Teutonic Knight ×31 · Bombard Cannon ×9 · Mangonel ×6 · Trebuchet (Packed) ×6 · Monk ×4
Feudal
11:47
Castle
15:17
Imperial
34:56
| APM avg | 54.1 |
| APM peak | 100 |
| eAPM avg | 34.3 |
| Villagers / military | 151 / 263 |
Focus
⚔️ 41.3% · 🌾 58.7%
Spearman ×155 · Knight ×75 · Cavalry Archer ×29 · Scout Cavalry ×4
Feudal
8:58
Castle
25:16
Imperial
—
| APM avg | 27.2 |
| APM peak | 53 |
| eAPM avg | 19.4 |
| Villagers / military | 135 / 13 |
Focus
⚔️ 31.4% · 🌾 68.6%
Battering Ram ×11 · Spearman ×2
Feudal
9:39
Castle
12:58
Imperial
29:52
| APM avg | 44.1 |
| APM peak | 74 |
| eAPM avg | 22.6 |
| Villagers / military | 184 / 137 |
Focus
⚔️ 28.3% · 🌾 71.7%
Hand Cannoneer ×72 · Knight ×45 · Scorpion ×10 · Bombard Cannon ×5 · Cavalry Archer ×5
Feudal
8:33
Castle
22:53
Imperial
—
| APM avg | 37.8 |
| APM peak | 56 |
| eAPM avg | 23.7 |
| Villagers / military | 140 / 33 |
Focus
⚔️ 40.4% · 🌾 59.6%
Monk ×9 · Scorpion ×7 · Spearman ×6 · Battering Ram ×6 · Mangonel ×5
Feudal
8:36
Castle
25:06
Imperial
—
| APM avg | 34.0 |
| APM peak | 81 |
| eAPM avg | 21.4 |
| Villagers / military | 97 / 14 |
Focus
⚔️ 38.5% · 🌾 61.5%
Scout Cavalry ×9 · Mangonel ×3 · Monk ×2
Feudal
10:31
Castle
14:54
Imperial
33:15
| APM avg | 76.1 |
| APM peak | 118 |
| eAPM avg | 46.2 |
| Villagers / military | 202 / 235 |
Focus
⚔️ 47.8% · 🌾 52.2%
Spearman ×142 · Cavalry Archer ×44 · Knight ×38 · Battering Ram ×11
Feudal
11:02
Castle
17:18
Imperial
40:42
| APM avg | 38.1 |
| APM peak | 81 |
| eAPM avg | 21.0 |
| Villagers / military | 121 / 90 |
Focus
⚔️ 28.5% · 🌾 71.5%
Longbowman ×60 · Militia ×24 · Battering Ram ×4 · Petard ×2
Match map
Initial resources + every placement click. Lines = walls · curves = elevation contours. ◆ gold · ⬟ stone · ● berries · ✦ relic · ◌ wall gap
Your base· ✓ Closed at 14:48 · 0t walls · 2 gate(s)
Capt. Eadk'an's base· ✓ Closed at 15:17 · 0t walls · 2 gate(s)
[GDL] Botsito Industrial's base· ✓ Closed at 25:16 · 29t walls · 3 gate(s)
近视主义不是近视's base· ✓ Closed at 12:58 · 0t walls · 3 gate(s)
VENON | OIGRES's base· ✓ Closed at 22:53 · 10t walls · 7 gate(s)
Ngoam_____'s base· ✓ Closed at 25:06 · 0t walls · 2 gate(s)
VENON | Droga0's base· ✓ Closed at 14:54 · 0t walls · 2 gate(s)
GoodMan's base· ✓ Closed at 17:18 · 50t walls · 4 gate(s)
Smoothed initial terrain · ◌ = detected wall gap · hover for details
Inputs per minute
— VENON | Sigfridinho - - Capt. Eadk'an
Build order — VENON | Sigfridinho
First 150 of 458 actions detected
| 0:01 | Queue | Villager (Male) ×4 |
| 0:02 | Build | House |
| 0:03 | Build | House |
| 1:18 | Queue | Villager (Male) |
| 1:45 | Build | Lumber Camp |
| 1:59 | Queue | Villager (Male) |
| 2:27 | Queue | Villager (Male) |
| 2:38 | Queue | Villager (Male) |
| 3:02 | Queue | Villager (Male) |
| 3:19 | Queue | Villager (Male) |
| 3:26 | Build | House |
| 3:46 | Queue | Villager (Male) |
| 4:03 | Build | Mill |
| 4:15 | Queue | Villager (Male) |
| 4:56 | Queue | Villager (Male) |
| 4:56 | Queue | Villager (Male) |
| 5:12 | Queue | Villager (Male) |
| 5:27 | Queue | Villager (Male) |
| 5:35 | Build | Lumber Camp |
| 5:42 | Build | House |
| 5:53 | Queue | Villager (Male) |
| 5:54 | Queue | Villager (Male) |
| 6:21 | Queue | Villager (Male) |
| 6:22 | Queue | Villager (Male) |
| 6:32 | Queue | Villager (Male) |
| 6:44 | Build | House |
| 6:56 | Queue | Villager (Male) |
| 7:10 | Build | Farm |
| 7:52 | Build | Mining Camp |
| 7:57 | Build | Mining Camp |
| 8:51 | Research | Feudal Age |
| 8:54 | Build | Farm |
| 9:28 | Queue | Villager (Male) |
| 9:28 | Queue | Villager (Male) |
| 9:37 | Build | Farm |
| 11:12 | Age | Feudal Age |
| 11:17 | Build | Market |
| 11:20 | Build | Blacksmith |
| 12:08 | Research | Castle Age |
| 12:21 | Research | Double-Bit Axe |
| 12:21 | Research | Double-Bit Axe |
| 12:55 | Research | Horse Collar |
| 12:56 | Research | Horse Collar |
| 13:20 | Queue | Villager (Male) |
| 13:22 | Build | Farm |
| 13:24 | Build | Farm |
| 14:48 | Age | Castle Age |
| 14:56 | Build | Town Center |
| 14:59 | Build | Town Center |
| 15:00 | Queue | Villager (Male) |
| 15:04 | Research | Bow Saw |
| 15:11 | Build | Farm |
| 15:14 | Queue | Villager (Male) |
| 15:15 | Build | House |
| 15:40 | Queue | Villager (Male) |
| 15:42 | Build | Farm |
| 15:43 | Build | Farm |
| 15:44 | Build | Farm |
| 15:48 | Build | Farm |
| 16:05 | Queue | Villager (Male) |
| 16:14 | Build | Monastery |
| 16:17 | Queue | Villager (Male) |
| 16:26 | Build | Farm |
| 16:30 | Build | Farm |
| 16:33 | Queue | Villager (Male) |
| 16:34 | Queue | Villager (Male) |
| 16:35 | Queue | Villager (Male) |
| 16:37 | Build | House |
| 17:00 | Queue | Villager (Male) |
| 17:04 | Build | House |
| 17:10 | Queue | Monk |
| 17:12 | Queue | Villager (Male) |
| 17:14 | Queue | Villager (Male) |
| 17:25 | Queue | Villager (Male) |
| 17:26 | Queue | Villager (Male) |
| 17:28 | Queue | Villager (Male) |
| 17:29 | Build | Farm |
| 17:30 | Build | Farm |
| 17:31 | Build | Farm |
| 17:37 | Build | Farm |
| 17:38 | Build | Farm |
| 17:40 | Queue | Villager (Male) |
| 17:52 | Queue | Villager (Male) |
| 18:02 | Queue | Monk |
| 18:04 | Build | House |
| 18:05 | Queue | Villager (Male) |
| 18:08 | Build | Farm |
| 18:10 | Build | Farm |
| 18:14 | Build | Farm |
| 18:15 | Build | Farm |
| 18:17 | Queue | Villager (Male) |
| 18:27 | Queue | Villager (Male) |
| 18:31 | Build | Farm |
| 18:32 | Build | Farm |
| 18:42 | Queue | Villager (Male) |
| 18:42 | Queue | Villager (Male) |
| 18:50 | Build | Mill |
| 18:51 | Build | Farm |
| 18:51 | Build | Farm |
| 18:51 | Build | Farm |
| 18:52 | Build | Farm |
| 18:54 | Queue | Villager (Male) |
| 18:54 | Queue | Villager (Male) |
| 18:56 | Build | House |
| 19:08 | Queue | Villager (Male) |
| 19:13 | Build | Farm |
| 19:15 | Build | Farm |
| 19:16 | Build | Farm |
| 19:17 | Build | Farm |
| 19:18 | Build | Farm |
| 19:19 | Queue | Villager (Male) |
| 19:20 | Build | Farm |
| 19:21 | Queue | Villager (Male) |
| 19:24 | Build | House |
| 19:24 | Queue | Villager (Male) |
| 19:27 | Queue | Monk |
| 19:42 | Queue | Villager (Male) |
| 19:45 | Queue | Villager (Male) |
| 19:50 | Queue | Villager (Male) |
| 19:56 | Build | House |
| 20:00 | Build | House |
| 20:02 | Queue | Villager (Male) |
| 20:13 | Queue | Villager (Male) |
| 20:14 | Queue | Villager (Male) |
| 20:17 | Build | Town Center |
| 20:22 | Queue | Villager (Male) |
| 20:23 | Queue | Villager (Male) |
| 20:32 | Build | House |
| 20:32 | Build | House |
| 20:33 | Queue | Villager (Male) |
| 20:34 | Queue | Villager (Male) |
| 20:39 | Queue | Villager (Male) |
| 20:45 | Queue | Villager (Male) |
| 20:49 | Build | Farm |
| 20:50 | Build | Farm |
| 21:03 | Queue | Villager (Male) |
| 21:12 | Build | House |
| 21:14 | Queue | Villager (Male) |
| 21:34 | Queue | Villager (Male) |
| 21:35 | Build | House |
| 21:37 | Research | Wheelbarrow |
| 21:38 | Research | Wheelbarrow |
| 21:45 | Queue | Villager (Male) |
| 21:45 | Queue | Villager (Male) |
| 21:46 | Queue | Villager (Male) |
| 21:48 | Build | Farm |
| 21:48 | Build | Farm |
| 21:49 | Build | Farm |
| 21:49 | Build | Farm |
| 21:49 | Build | Farm |
Build order — Capt. Eadk'an
First 150 of 604 actions detected
| 0:02 | Build | House |
| 0:02 | Queue | Villager (Male) |
| 0:02 | Queue | Villager (Male) |
| 0:04 | Build | House |
| 0:04 | Queue | Villager (Male) |
| 0:04 | Queue | Villager (Male) |
| 1:26 | Queue | Villager (Male) |
| 1:26 | Queue | Villager (Male) |
| 1:53 | Queue | Villager (Male) |
| 1:54 | Queue | Villager (Male) |
| 2:26 | Queue | Villager (Male) |
| 2:48 | Queue | Villager (Male) |
| 2:49 | Queue | Villager (Male) |
| 3:05 | Queue | Villager (Male) |
| 3:05 | Queue | Villager (Male) |
| 3:43 | Queue | Villager (Male) |
| 3:43 | Queue | Villager (Male) |
| 3:57 | Build | House |
| 4:10 | Queue | Villager (Male) |
| 4:10 | Queue | Villager (Male) |
| 4:15 | Build | Mill |
| 4:31 | Queue | Villager (Male) |
| 4:32 | Queue | Villager (Male) |
| 5:02 | Queue | Villager (Male) |
| 5:35 | Queue | Villager (Male) |
| 5:36 | Queue | Villager (Male) |
| 5:59 | Build | House |
| 6:03 | Queue | Villager (Male) |
| 6:03 | Queue | Villager (Male) |
| 6:26 | Queue | Villager (Male) |
| 6:26 | Queue | Villager (Male) |
| 6:38 | Queue | Villager (Male) |
| 6:45 | Build | Farm |
| 6:47 | Build | Farm |
| 6:49 | Build | Farm |
| 7:05 | Build | Farm |
| 7:08 | Queue | Villager (Male) |
| 7:49 | Queue | Villager (Male) |
| 7:53 | Build | House |
| 8:01 | Queue | Villager (Male) |
| 8:54 | Queue | Villager (Male) |
| 8:55 | Research | Feudal Age |
| 9:16 | Build | Mule Cart |
| 10:28 | Build | Barracks |
| 10:32 | Queue | Villager (Male) |
| 10:33 | Queue | Villager (Male) |
| 11:47 | Age | Feudal Age |
| 11:49 | Build | Stable |
| 11:51 | Build | Blacksmith |
| 12:04 | Research | Horse Collar |
| 12:10 | Research | Double-Bit Axe |
| 12:10 | Research | Double-Bit Axe |
| 12:34 | Research | Castle Age |
| 12:34 | Research | Castle Age |
| 12:40 | Build | Farm |
| 12:41 | Queue | Scout Cavalry |
| 13:16 | Build | House |
| 13:24 | Build | Farm |
| 13:26 | Build | Farm |
| 13:34 | Queue | Scout Cavalry |
| 13:40 | Queue | Scout Cavalry |
| 13:44 | Build | Farm |
| 13:51 | Research | Forging |
| 14:00 | Queue | Scout Cavalry |
| 14:05 | Build | Farm |
| 14:32 | Build | Farm |
| 14:33 | Build | Farm |
| 14:36 | Queue | Villager (Male) |
| 14:49 | Queue | Villager (Male) |
| 15:17 | Age | Castle Age |
| 15:20 | Queue | Villager (Male) |
| 15:28 | Queue | Villager (Male) |
| 15:30 | Build | Town Center |
| 15:59 | Queue | Villager (Male) |
| 15:59 | Queue | Villager (Male) |
| 16:00 | Build | Farm |
| 16:16 | Queue | Villager (Male) |
| 16:23 | Queue | Villager (Male) |
| 16:28 | Queue | Villager (Male) |
| 16:33 | Queue | Villager (Male) |
| 16:51 | Build | House |
| 16:56 | Research | Light Cavalry (upgrade) |
| 17:06 | Queue | Villager (Male) |
| 17:07 | Queue | Villager (Male) |
| 17:07 | Queue | Villager (Male) |
| 17:09 | Build | Farm |
| 17:09 | Queue | Villager (Male) |
| 17:12 | Queue | Villager (Male) |
| 17:21 | Build | Farm |
| 17:23 | Build | Farm |
| 17:39 | Queue | Villager (Male) |
| 17:41 | Build | Farm |
| 17:42 | Build | Farm |
| 17:43 | Queue | Villager (Male) |
| 17:59 | Build | House |
| 17:59 | Build | House |
| 18:15 | Queue | Villager (Male) |
| 18:20 | Queue | Villager (Male) |
| 18:32 | Build | Farm |
| 18:33 | Build | Farm |
| 18:33 | Queue | Villager (Male) |
| 18:50 | Build | Monastery |
| 18:57 | Queue | Knight |
| 18:58 | Queue | Knight |
| 19:02 | Build | House |
| 19:02 | Build | House |
| 19:18 | Queue | Villager (Male) |
| 19:21 | Build | Farm |
| 19:21 | Build | Farm |
| 19:24 | Queue | Knight |
| 19:25 | Queue | Knight |
| 19:27 | Queue | Knight |
| 19:27 | Queue | Knight |
| 19:37 | Build | Farm |
| 19:45 | Build | House |
| 19:45 | Build | House |
| 19:46 | Build | House |
| 19:49 | Queue | Knight |
| 19:49 | Queue | Knight |
| 19:53 | Queue | Knight |
| 19:56 | Queue | Villager (Male) |
| 19:56 | Queue | Villager (Male) |
| 20:02 | Research | Scale Barding Armor |
| 20:02 | Research | Scale Barding Armor |
| 20:06 | Queue | Knight |
| 20:06 | Queue | Knight |
| 20:20 | Queue | Villager (Male) |
| 20:22 | Queue | Villager (Male) |
| 20:22 | Queue | Villager (Male) |
| 20:33 | Queue | Villager (Male) |
| 20:36 | Build | Stable |
| 20:38 | Queue | Villager (Male) |
| 20:38 | Queue | Villager (Male) |
| 20:40 | Build | Farm |
| 20:41 | Build | Farm |
| 20:41 | Build | Farm |
| 20:45 | Queue | Villager (Male) |
| 20:54 | Queue | Knight |
| 20:54 | Queue | Knight |
| 21:10 | Queue | Knight |
| 21:10 | Queue | Knight |
| 21:10 | Queue | Knight |
| 21:13 | Queue | Knight |
| 21:13 | Queue | Knight |
| 21:25 | Queue | Villager (Male) |
| 21:39 | Queue | Knight |
| 21:39 | Queue | Knight |
| 21:42 | Queue | Knight |
| 21:42 | Queue | Knight |
| 21:53 | Queue | Knight |
Build order — [GDL] Botsito Industrial
First 150 of 298 actions detected
| 0:02 | Queue | Villager (Male) |
| 0:03 | Queue | Villager (Male) |
| 0:03 | Queue | Villager (Male) |
| 0:03 | Queue | Villager (Male) |
| 0:03 | Queue | Villager (Male) |
| 0:04 | Build | House |
| 0:05 | Build | House |
| 1:47 | Queue | Villager (Male) |
| 1:48 | Queue | Villager (Male) |
| 1:56 | Queue | Villager (Male) |
| 2:18 | Build | Lumber Camp |
| 2:20 | Queue | Villager (Male) |
| 2:21 | Queue | Villager (Male) |
| 2:38 | Queue | Villager (Male) |
| 2:38 | Queue | Villager (Male) |
| 2:53 | Build | House |
| 3:06 | Queue | Villager (Male) |
| 3:06 | Queue | Villager (Male) |
| 3:18 | Queue | Villager (Male) |
| 3:19 | Queue | Villager (Male) |
| 3:35 | Queue | Villager (Male) |
| 3:35 | Queue | Villager (Male) |
| 4:18 | Queue | Villager (Male) |
| 4:19 | Queue | Villager (Male) |
| 4:19 | Queue | Villager (Male) |
| 5:06 | Queue | Villager (Male) |
| 5:24 | Build | Mill |
| 5:25 | Queue | Villager (Male) |
| 5:45 | Queue | Villager (Male) |
| 5:49 | Build | House |
| 6:46 | Research | Feudal Age |
| 7:54 | Research | Loom |
| 8:10 | Queue | Villager (Male) |
| 8:53 | Queue | Villager (Male) |
| 8:58 | Age | Feudal Age |
| 9:01 | Build | Watch Tower |
| 9:05 | Queue | Villager (Male) |
| 9:09 | Build | Town Center |
| 9:12 | Queue | Villager (Male) |
| 9:18 | Queue | Villager (Male) |
| 9:40 | Research | Double-Bit Axe |
| 9:42 | Queue | Villager (Male) |
| 9:58 | Queue | Villager (Male) |
| 10:08 | Build | House |
| 10:13 | Queue | Villager (Male) |
| 10:23 | Queue | Villager (Male) |
| 10:33 | Queue | Villager (Male) |
| 10:39 | Queue | Villager (Male) |
| 10:53 | Queue | Villager (Male) |
| 11:17 | Queue | Villager (Male) |
| 12:00 | Queue | Villager (Male) |
| 12:04 | Build | Outpost |
| 12:21 | Queue | Villager (Male) |
| 12:32 | Queue | Villager (Male) |
| 12:45 | Research | Horse Collar |
| 12:59 | Queue | Villager (Male) |
| 13:03 | Build | Farm |
| 13:04 | Build | Farm |
| 13:06 | Build | Farm |
| 13:09 | Build | Farm |
| 13:10 | Queue | Villager (Male) |
| 13:24 | Queue | Villager (Male) |
| 13:39 | Build | Palisade Wall |
| 13:40 | Build | Palisade Wall |
| 13:40 | Build | Palisade Wall |
| 13:41 | Queue | Villager (Male) |
| 14:01 | Queue | Villager (Male) |
| 14:11 | Build | House |
| 14:21 | Build | House |
| 14:25 | Queue | Villager (Male) |
| 14:32 | Build | Farm |
| 14:34 | Queue | Villager (Male) |
| 14:34 | Queue | Villager (Male) |
| 14:40 | Queue | Villager (Male) |
| 14:57 | Queue | Villager (Male) |
| 15:05 | Build | Farm |
| 15:06 | Build | Farm |
| 15:07 | Queue | Villager (Male) |
| 15:30 | Build | Barracks |
| 15:37 | Build | Palisade Gate |
| 15:40 | Build | House |
| 15:42 | Build | Palisade Wall |
| 15:49 | Queue | Villager (Male) |
| 15:54 | Build | Farm |
| 15:56 | Build | House |
| 16:01 | Queue | Villager (Male) |
| 16:05 | Queue | Villager (Male) |
| 16:08 | Queue | Spearman |
| 16:09 | Queue | Spearman |
| 16:26 | Build | Farm |
| 16:44 | Queue | Villager (Male) |
| 16:50 | Build | Farm |
| 16:53 | Build | Farm |
| 16:54 | Queue | Villager (Male) |
| 16:57 | Build | Farm |
| 17:05 | Build | Farm |
| 17:12 | Queue | Villager (Male) |
| 17:21 | Build | House |
| 17:22 | Queue | Villager (Male) |
| 17:33 | Queue | Villager (Male) |
| 17:44 | Build | Farm |
| 17:45 | Build | Farm |
| 17:50 | Build | Outpost |
| 17:53 | Build | Outpost |
| 17:57 | Build | Farm |
| 18:00 | Queue | Villager (Male) |
| 18:02 | Build | Mining Camp |
| 18:03 | Queue | Villager (Male) |
| 18:08 | Queue | Villager (Male) |
| 18:10 | Build | Farm |
| 18:12 | Build | Farm |
| 18:14 | Build | Farm |
| 18:14 | Build | Farm |
| 18:15 | Queue | Villager (Male) |
| 18:35 | Build | Palisade Wall |
| 18:36 | Build | Palisade Wall |
| 18:39 | Build | Mining Camp |
| 18:45 | Build | Palisade Wall |
| 18:48 | Build | Palisade Wall |
| 18:52 | Build | Palisade Wall |
| 18:57 | Queue | Villager (Male) |
| 19:01 | Build | Farm |
| 19:03 | Build | Farm |
| 19:05 | Build | Farm |
| 19:06 | Build | Farm |
| 19:09 | Build | Farm |
| 19:12 | Build | Farm |
| 19:13 | Queue | Villager (Male) |
| 19:19 | Queue | Villager (Male) |
| 19:25 | Queue | Villager (Male) |
| 19:32 | Build | Palisade Wall |
| 19:34 | Queue | Villager (Male) |
| 19:36 | Queue | Villager (Male) |
| 19:43 | Queue | Villager (Male) |
| 19:52 | Build | Market |
| 19:53 | Queue | Villager (Male) |
| 20:01 | Build | Blacksmith |
| 20:05 | Build | Palisade Wall |
| 20:10 | Queue | Villager (Male) |
| 20:19 | Build | House |
| 20:27 | Build | House |
| 20:43 | Build | Lumber Camp |
| 20:46 | Queue | Villager (Male) |
| 20:49 | Build | House |
| 20:52 | Queue | Villager (Male) |
| 21:16 | Build | House |
| 21:24 | Build | Palisade Wall |
| 21:43 | Queue | Villager (Male) |
| 22:36 | Research | Castle Age |
| 24:24 | Build | Siege Workshop |
Build order — 近视主义不是近视
First 150 of 454 actions detected
| 0:01 | Queue | Villager (Male) |
| 0:01 | Queue | Villager (Male) |
| 0:03 | Build | House |
| 0:04 | Build | House |
| 0:15 | Queue | Villager (Male) |
| 0:16 | Queue | Villager (Male) |
| 0:16 | Queue | Villager (Male) |
| 0:16 | Queue | Villager (Male) |
| 1:30 | Queue | Villager (Male) |
| 1:41 | Build | Lumber Camp |
| 1:55 | Queue | Villager (Male) |
| 1:55 | Queue | Villager (Male) |
| 2:22 | Queue | Villager (Male) |
| 2:53 | Queue | Villager (Male) |
| 3:19 | Queue | Villager (Male) |
| 3:21 | Build | Mill |
| 3:35 | Build | House |
| 3:41 | Build | House |
| 3:49 | Queue | Villager (Male) |
| 3:50 | Queue | Villager (Male) |
| 4:38 | Queue | Villager (Male) |
| 4:57 | Queue | Villager (Male) |
| 5:01 | Queue | Villager (Male) |
| 5:02 | Queue | Villager (Male) |
| 5:59 | Queue | Villager (Male) |
| 6:15 | Queue | Villager (Male) |
| 6:40 | Queue | Villager (Male) |
| 7:18 | Build | Mining Camp |
| 7:35 | Research | Feudal Age |
| 9:08 | Queue | Villager (Male) |
| 9:09 | Queue | Villager (Male) |
| 9:39 | Age | Feudal Age |
| 9:45 | Build | Market |
| 9:47 | Build | Blacksmith |
| 10:33 | Research | Castle Age |
| 10:33 | Research | Castle Age |
| 10:33 | Research | Castle Age |
| 11:37 | Research | Double-Bit Axe |
| 11:38 | Research | Horse Collar |
| 11:47 | Build | House |
| 12:00 | Research | Gold Mining |
| 12:45 | Build | Barracks |
| 12:54 | Queue | Villager (Male) |
| 12:55 | Queue | Villager (Male) |
| 12:58 | Age | Castle Age |
| 13:11 | Build | Farm |
| 13:14 | Build | Farm |
| 13:24 | Build | Farm |
| 13:38 | Queue | Villager (Male) |
| 13:42 | Build | House |
| 13:46 | Build | Farm |
| 13:49 | Build | Farm |
| 13:52 | Queue | Villager (Male) |
| 13:57 | Build | House |
| 14:04 | Build | Farm |
| 14:10 | Build | Farm |
| 14:35 | Queue | Villager (Male) |
| 14:40 | Build | Farm |
| 14:47 | Build | Stable |
| 14:56 | Queue | Villager (Male) |
| 15:09 | Build | Farm |
| 15:13 | Build | Farm |
| 15:15 | Queue | Villager (Male) |
| 15:33 | Build | Farm |
| 15:36 | Build | Farm |
| 15:40 | Queue | Villager (Male) |
| 15:52 | Build | Town Center |
| 15:55 | Build | House |
| 15:56 | Queue | Knight |
| 16:09 | Queue | Villager (Male) |
| 16:29 | Build | House |
| 16:30 | Queue | Villager (Male) |
| 16:45 | Queue | Villager (Male) |
| 16:49 | Build | Town Center |
| 16:55 | Queue | Villager (Male) |
| 16:58 | Build | House |
| 17:08 | Queue | Knight |
| 17:23 | Build | Farm |
| 17:25 | Queue | Villager (Male) |
| 17:27 | Build | Farm |
| 17:38 | Build | House |
| 17:39 | Queue | Villager (Male) |
| 17:39 | Queue | Villager (Male) |
| 17:52 | Build | Farm |
| 17:58 | Build | Farm |
| 18:01 | Build | Farm |
| 18:02 | Queue | Villager (Male) |
| 18:09 | Queue | Knight |
| 18:26 | Build | Farm |
| 18:28 | Build | Farm |
| 18:31 | Queue | Villager (Male) |
| 18:43 | Build | Farm |
| 18:45 | Queue | Knight |
| 18:55 | Queue | Villager (Male) |
| 18:55 | Queue | Villager (Male) |
| 18:59 | Build | House |
| 19:02 | Build | Farm |
| 19:04 | Build | Farm |
| 19:06 | Queue | Villager (Male) |
| 19:08 | Queue | Villager (Male) |
| 19:08 | Queue | Villager (Male) |
| 19:18 | Queue | Villager (Male) |
| 19:18 | Queue | Villager (Male) |
| 19:23 | Build | Lumber Camp |
| 19:30 | Build | House |
| 19:43 | Queue | Villager (Male) |
| 19:44 | Queue | Villager (Male) |
| 19:44 | Queue | Villager (Male) |
| 20:02 | Queue | Villager (Male) |
| 20:02 | Queue | Villager (Male) |
| 20:04 | Build | House |
| 20:23 | Queue | Villager (Male) |
| 20:31 | Research | Wheelbarrow |
| 20:32 | Queue | Villager (Male) |
| 20:32 | Queue | Villager (Male) |
| 20:38 | Build | House |
| 20:44 | Build | Town Center |
| 20:45 | Queue | Villager (Male) |
| 20:54 | Research | Loom |
| 20:56 | Queue | Villager (Male) |
| 20:56 | Queue | Villager (Male) |
| 21:10 | Build | House |
| 21:21 | Research | Husbandry |
| 21:23 | Queue | Villager (Male) |
| 21:31 | Queue | Villager (Male) |
| 21:33 | Build | Farm |
| 21:34 | Build | Farm |
| 21:34 | Build | Farm |
| 21:34 | Build | Farm |
| 21:35 | Build | Farm |
| 21:38 | Queue | Villager (Male) |
| 21:38 | Queue | Villager (Male) |
| 21:40 | Build | House |
| 21:43 | Build | Farm |
| 22:01 | Research | Scale Barding Armor |
| 22:02 | Queue | Villager (Male) |
| 22:09 | Queue | Knight |
| 22:23 | Queue | Villager (Male) |
| 22:23 | Queue | Villager (Male) |
| 22:30 | Queue | Villager (Male) |
| 22:32 | Build | Farm |
| 22:32 | Build | Farm |
| 22:32 | Build | Farm |
| 22:33 | Build | Farm |
| 22:33 | Build | Farm |
| 22:33 | Build | Farm |
| 22:34 | Queue | Villager (Male) |
| 22:39 | Queue | Villager (Male) |
| 22:41 | Build | Farm |
| 22:42 | Queue | Villager (Male) |
Build order — VENON | OIGRES
First 150 of 333 actions detected
| 0:03 | Queue | Villager (Male) |
| 0:03 | Queue | Villager (Male) |
| 0:03 | Queue | Villager (Male) |
| 0:04 | Build | House |
| 0:05 | Build | House |
| 0:09 | Queue | Villager (Male) |
| 1:32 | Queue | Villager (Male) |
| 2:01 | Queue | Villager (Male) |
| 2:06 | Build | Lumber Camp |
| 2:26 | Queue | Villager (Male) |
| 2:46 | Queue | Villager (Male) |
| 3:08 | Queue | Villager (Male) |
| 3:12 | Build | House |
| 3:38 | Queue | Villager (Male) |
| 3:38 | Queue | Villager (Male) |
| 4:08 | Queue | Villager (Male) |
| 4:29 | Queue | Villager (Male) |
| 4:58 | Queue | Villager (Male) |
| 4:59 | Research | Loom |
| 5:40 | Build | Mining Camp |
| 6:23 | Research | Feudal Age |
| 6:58 | Build | House |
| 8:16 | Queue | Villager (Male) |
| 8:33 | Age | Feudal Age |
| 8:36 | Queue | Villager (Male) |
| 8:45 | Queue | Villager (Male) |
| 8:56 | Queue | Villager (Male) |
| 9:13 | Build | Watch Tower |
| 9:16 | Build | House |
| 9:24 | Queue | Villager (Male) |
| 10:03 | Build | Watch Tower |
| 10:10 | Queue | Villager (Male) |
| 10:17 | Queue | Villager (Male) |
| 10:31 | Queue | Villager (Male) |
| 10:36 | Build | Mill |
| 10:38 | Queue | Villager (Male) |
| 10:58 | Queue | Villager (Male) |
| 11:01 | Build | Blacksmith |
| 11:30 | Queue | Villager (Male) |
| 11:48 | Research | Fletching |
| 11:48 | Queue | Villager (Male) |
| 11:53 | Build | House |
| 12:11 | Queue | Villager (Male) |
| 12:11 | Queue | Villager (Male) |
| 12:29 | Queue | Villager (Male) |
| 12:41 | Queue | Villager (Male) |
| 12:46 | Build | Farm |
| 12:47 | Build | Farm |
| 13:32 | Build | Farm |
| 13:36 | Queue | Villager (Male) |
| 13:47 | Build | Palisade Wall |
| 13:48 | Build | Palisade Wall |
| 14:19 | Queue | Villager (Male) |
| 14:19 | Queue | Villager (Male) |
| 14:19 | Queue | Villager (Male) |
| 14:23 | Build | House |
| 14:25 | Build | Mining Camp |
| 14:44 | Build | Palisade Gate |
| 15:01 | Build | Palisade Wall |
| 15:02 | Build | Palisade Wall |
| 15:04 | Build | Palisade Wall |
| 15:09 | Queue | Villager (Male) |
| 15:10 | Queue | Villager (Male) |
| 15:23 | Queue | Villager (Male) |
| 15:33 | Queue | Villager (Male) |
| 15:36 | Build | Watch Tower |
| 15:41 | Queue | Villager (Male) |
| 15:46 | Build | House |
| 15:49 | Build | Farm |
| 15:50 | Build | Farm |
| 15:52 | Queue | Villager (Male) |
| 16:05 | Queue | Villager (Male) |
| 16:20 | Build | Palisade Wall |
| 16:23 | Build | Palisade Wall |
| 16:24 | Build | Palisade Wall |
| 16:27 | Build | Palisade Wall |
| 16:28 | Queue | Villager (Male) |
| 16:38 | Queue | Villager (Male) |
| 16:44 | Queue | Villager (Male) |
| 16:55 | Queue | Villager (Male) |
| 17:02 | Build | Farm |
| 17:28 | Build | Palisade Wall |
| 17:30 | Queue | Villager (Male) |
| 18:03 | Build | Gate |
| 18:05 | Build | Gate |
| 18:11 | Build | Gate |
| 18:32 | Queue | Villager (Male) |
| 18:35 | Build | Farm |
| 18:38 | Build | Watch Tower |
| 18:49 | Build | Farm |
| 18:52 | Build | Market |
| 19:03 | Queue | Villager (Male) |
| 19:17 | Build | Farm |
| 19:37 | Queue | Villager (Male) |
| 20:04 | Build | Mining Camp |
| 20:13 | Research | Castle Age |
| 21:04 | Build | Barracks |
| 21:09 | Research | Double-Bit Axe |
| 21:39 | Build | House |
| 21:44 | Research | Gold Mining |
| 21:53 | Build | Outpost |
| 22:15 | Queue | Spearman |
| 22:15 | Queue | Spearman |
| 22:17 | Queue | Spearman |
| 22:29 | Build | House |
| 22:53 | Age | Castle Age |
| 22:56 | Research | Bow Saw |
| 22:57 | Queue | Villager (Male) |
| 23:02 | Queue | Spearman |
| 23:25 | Queue | Spearman |
| 23:36 | Build | Siege Workshop |
| 23:43 | Build | Monastery |
| 23:47 | Queue | Villager (Male) |
| 23:52 | Build | Farm |
| 24:12 | Queue | Villager (Male) |
| 24:17 | Build | Monastery |
| 24:20 | Queue | Mangonel |
| 24:25 | Queue | Villager (Male) |
| 24:28 | Queue | Monk |
| 24:32 | Queue | Spearman |
| 24:39 | Research | Sanctity |
| 24:43 | Build | House |
| 24:44 | Build | House |
| 24:50 | Build | House |
| 25:00 | Queue | Mangonel |
| 25:03 | Build | House |
| 25:10 | Queue | Monk |
| 25:10 | Queue | Monk |
| 25:34 | Build | House |
| 25:37 | Queue | Villager (Male) |
| 25:43 | Queue | Mangonel |
| 25:44 | Queue | Villager (Male) |
| 26:05 | Queue | Villager (Male) |
| 26:16 | Queue | Villager (Male) |
| 26:16 | Queue | Villager (Male) |
| 26:22 | Queue | Villager (Male) |
| 26:39 | Queue | Mangonel |
| 26:44 | Build | House |
| 26:50 | Research | Pikeman (upgrade) |
| 26:50 | Queue | Villager (Male) |
| 26:54 | Build | Outpost |
| 26:58 | Research | Town Watch |
| 26:58 | Queue | Villager (Male) |
| 27:03 | Build | Town Center |
| 27:19 | Queue | Monk |
| 27:19 | Queue | Monk |
| 27:27 | Queue | Villager (Male) |
| 27:33 | Build | Outpost |
| 27:34 | Queue | Villager (Male) |
| 27:42 | Queue | Monk |
Build order — Ngoam_____
First 150 of 194 actions detected
| 0:01 | Queue | Villager (Male) |
| 0:02 | Build | House |
| 0:03 | Build | House |
| 0:12 | Queue | Villager (Male) |
| 0:18 | Queue | Villager (Male) |
| 0:23 | Queue | Villager (Male) |
| 0:24 | Queue | Villager (Male) |
| 1:30 | Queue | Villager (Male) |
| 1:30 | Queue | Villager (Male) |
| 1:54 | Queue | Villager (Male) |
| 1:59 | Build | Lumber Camp |
| 2:35 | Queue | Villager (Male) |
| 2:35 | Queue | Villager (Male) |
| 3:21 | Queue | Villager (Male) |
| 3:23 | Queue | Villager (Male) |
| 3:41 | Queue | Villager (Male) |
| 3:43 | Build | House |
| 4:17 | Build | Mill |
| 4:27 | Queue | Villager (Male) |
| 4:27 | Queue | Villager (Male) |
| 4:27 | Queue | Villager (Male) |
| 4:59 | Queue | Villager (Male) |
| 5:01 | Queue | Villager (Male) |
| 5:22 | Queue | Villager (Male) |
| 5:22 | Queue | Villager (Male) |
| 5:22 | Queue | Villager (Male) |
| 5:31 | Queue | Villager (Male) |
| 6:26 | Research | Feudal Age |
| 6:26 | Research | Feudal Age |
| 6:38 | Build | Mining Camp |
| 6:45 | Build | Mining Camp |
| 6:59 | Build | House |
| 7:07 | Research | Loom |
| 7:07 | Queue | Villager (Male) |
| 7:50 | Queue | Villager (Male) |
| 8:13 | Build | House |
| 8:36 | Age | Feudal Age |
| 8:49 | Queue | Villager (Male) |
| 8:51 | Build | Barracks |
| 8:58 | Queue | Villager (Male) |
| 9:11 | Queue | Villager (Male) |
| 9:21 | Build | Watch Tower |
| 10:12 | Build | Stable |
| 10:28 | Queue | Villager (Male) |
| 10:38 | Research | Double-Bit Axe |
| 10:53 | Queue | Scout Cavalry |
| 10:58 | Queue | Scout Cavalry |
| 11:04 | Queue | Villager (Male) |
| 11:20 | Queue | Villager (Male) |
| 11:38 | Queue | Villager (Male) |
| 12:25 | Queue | Villager (Male) |
| 12:26 | Queue | Scout Cavalry |
| 12:45 | Queue | Scout Cavalry |
| 13:05 | Queue | Villager (Male) |
| 13:06 | Queue | Villager (Male) |
| 13:10 | Build | House |
| 13:12 | Build | House |
| 14:13 | Queue | Villager (Male) |
| 14:17 | Queue | Scout Cavalry |
| 14:17 | Queue | Scout Cavalry |
| 14:30 | Queue | Scout Cavalry |
| 14:47 | Queue | Villager (Male) |
| 14:49 | Build | Farm |
| 14:50 | Build | Farm |
| 14:50 | Build | Farm |
| 14:50 | Build | Farm |
| 14:50 | Build | Farm |
| 14:50 | Build | Farm |
| 15:00 | Queue | Scout Cavalry |
| 15:09 | Build | Farm |
| 15:37 | Build | Farm |
| 15:38 | Build | Farm |
| 15:38 | Build | Farm |
| 15:38 | Build | Farm |
| 16:19 | Queue | Villager (Male) |
| 16:27 | Build | House |
| 16:40 | Build | Watch Tower |
| 16:42 | Queue | Villager (Male) |
| 16:43 | Queue | Villager (Male) |
| 16:56 | Queue | Villager (Male) |
| 16:56 | Queue | Villager (Male) |
| 17:01 | Queue | Scout Cavalry |
| 17:03 | Build | Farm |
| 17:04 | Build | Farm |
| 17:05 | Queue | Villager (Male) |
| 17:26 | Queue | Villager (Male) |
| 17:35 | Build | Farm |
| 17:59 | Queue | Villager (Male) |
| 18:04 | Queue | Villager (Male) |
| 18:04 | Queue | Villager (Male) |
| 18:06 | Build | Farm |
| 18:36 | Build | Gate |
| 18:43 | Build | Farm |
| 18:43 | Queue | Villager (Male) |
| 18:44 | Queue | Villager (Male) |
| 18:47 | Build | Farm |
| 18:48 | Build | Farm |
| 18:49 | Build | Farm |
| 18:50 | Queue | Villager (Male) |
| 19:13 | Build | Mining Camp |
| 19:16 | Queue | Villager (Male) |
| 19:16 | Queue | Villager (Male) |
| 19:56 | Research | Horse Collar |
| 21:28 | Build | Market |
| 21:58 | Queue | Villager (Male) |
| 22:26 | Research | Castle Age |
| 22:29 | Research | Gold Mining |
| 22:31 | Research | Stone Mining |
| 23:08 | Build | House |
| 23:09 | Build | House |
| 23:10 | Build | House |
| 24:09 | Queue | Villager (Male) |
| 24:09 | Queue | Villager (Male) |
| 24:57 | Queue | Villager (Male) |
| 24:59 | Queue | Villager (Male) |
| 25:06 | Age | Castle Age |
| 25:09 | Build | Town Center |
| 25:09 | Queue | Villager (Male) |
| 25:17 | Build | Town Center |
| 25:18 | Queue | Villager (Male) |
| 25:24 | Build | Town Center |
| 25:44 | Queue | Villager (Male) |
| 26:16 | Build | Blacksmith |
| 26:17 | Queue | Villager (Male) |
| 26:42 | Build | Siege Workshop |
| 26:43 | Queue | Villager (Male) |
| 26:43 | Queue | Villager (Male) |
| 26:44 | Queue | Villager (Male) ×5 |
| 27:01 | Build | Watch Tower |
| 27:07 | Research | Bow Saw |
| 27:19 | Build | Watch Tower |
| 27:27 | Queue | Mangonel |
| 27:29 | Queue | Villager (Male) |
| 27:30 | Queue | Villager (Male) |
| 27:56 | Research | Fletching |
| 27:58 | Build | Farm |
| 28:00 | Build | Farm |
| 28:03 | Build | Farm |
| 28:09 | Build | Watch Tower |
| 28:42 | Queue | Mangonel |
| 28:48 | Build | Watch Tower |
| 28:53 | Research | Bodkin Arrow |
| 29:44 | Queue | Mangonel |
| 30:03 | Queue | Villager (Male) |
| 30:12 | Build | Town Center |
| 30:14 | Build | Town Center |
| 30:16 | Queue | Villager (Male) |
| 30:57 | Build | House |
| 31:01 | Build | Stone Wall |
| 31:06 | Queue | Villager (Male) |
Build order — VENON | Droga0
First 150 of 619 actions detected
| 0:01 | Queue | Villager (Male) |
| 0:01 | Queue | Villager (Male) |
| 0:02 | Queue | Villager (Male) |
| 0:03 | Build | House |
| 0:04 | Build | House |
| 0:14 | Queue | Villager (Male) |
| 1:22 | Queue | Villager (Male) |
| 1:44 | Queue | Villager (Male) |
| 2:07 | Queue | Villager (Male) |
| 2:09 | Build | Lumber Camp |
| 2:31 | Queue | Villager (Male) |
| 2:51 | Queue | Villager (Male) |
| 2:52 | Queue | Villager (Male) |
| 3:17 | Queue | Villager (Male) |
| 3:37 | Queue | Villager (Male) |
| 3:37 | Queue | Villager (Male) |
| 4:01 | Queue | Villager (Male) |
| 4:03 | Build | House |
| 4:04 | Build | House |
| 4:18 | Queue | Villager (Male) |
| 4:18 | Queue | Villager (Male) |
| 4:44 | Build | Mill |
| 4:53 | Queue | Villager (Male) |
| 4:53 | Queue | Villager (Male) |
| 4:59 | Build | House |
| 5:05 | Queue | Villager (Male) |
| 5:29 | Queue | Villager (Male) |
| 5:42 | Queue | Villager (Male) |
| 5:43 | Queue | Villager (Male) |
| 6:36 | Build | Farm |
| 6:44 | Build | Farm |
| 7:03 | Queue | Villager (Male) |
| 7:28 | Build | Mining Camp |
| 8:01 | Build | Farm |
| 8:08 | Research | Feudal Age |
| 10:31 | Age | Feudal Age |
| 10:34 | Queue | Villager (Male) |
| 10:38 | Build | Market |
| 10:59 | Queue | Villager (Male) |
| 11:13 | Build | Blacksmith |
| 11:20 | Queue | Villager (Male) |
| 11:20 | Queue | Villager (Male) |
| 11:32 | Queue | Villager (Male) |
| 11:34 | Research | Double-Bit Axe |
| 11:59 | Build | House |
| 12:12 | Build | Farm |
| 12:13 | Research | Castle Age |
| 12:34 | Build | Farm |
| 12:38 | Research | Horse Collar |
| 12:39 | Research | Horse Collar |
| 12:47 | Build | House |
| 13:21 | Queue | Villager (Male) |
| 13:21 | Queue | Villager (Male) |
| 13:23 | Build | Farm |
| 14:15 | Queue | Villager (Male) |
| 14:16 | Queue | Villager (Male) |
| 14:31 | Queue | Villager (Male) |
| 14:41 | Build | Farm |
| 14:44 | Build | Farm |
| 14:45 | Queue | Villager (Male) |
| 14:54 | Age | Castle Age |
| 14:56 | Queue | Villager (Male) |
| 14:57 | Build | Town Center |
| 15:00 | Queue | Villager (Male) |
| 15:03 | Build | Town Center |
| 15:06 | Build | House |
| 15:06 | Build | House |
| 15:08 | Queue | Villager (Male) |
| 15:33 | Research | Bow Saw |
| 15:34 | Research | Bow Saw |
| 15:50 | Queue | Villager (Male) |
| 16:08 | Build | Farm |
| 16:24 | Build | House |
| 16:29 | Queue | Villager (Male) |
| 16:30 | Queue | Villager (Male) |
| 16:30 | Queue | Villager (Male) |
| 16:38 | Build | Farm |
| 16:40 | Queue | Villager (Male) |
| 16:40 | Queue | Villager (Male) |
| 16:41 | Queue | Villager (Male) |
| 16:49 | Queue | Villager (Male) |
| 17:02 | Queue | Villager (Male) |
| 17:04 | Build | Farm |
| 17:06 | Build | Farm |
| 17:14 | Queue | Villager (Male) |
| 17:16 | Build | Farm |
| 17:21 | Build | Farm |
| 17:23 | Build | Farm |
| 17:24 | Queue | Villager (Male) |
| 17:24 | Queue | Villager (Male) |
| 17:33 | Build | Farm |
| 17:34 | Queue | Villager (Male) |
| 17:34 | Queue | Villager (Male) |
| 17:48 | Queue | Villager (Male) |
| 17:51 | Build | Town Center |
| 17:59 | Build | Farm |
| 18:00 | Build | Farm |
| 18:02 | Queue | Villager (Male) |
| 18:08 | Build | Farm |
| 18:09 | Queue | Villager (Male) |
| 18:10 | Queue | Villager (Male) |
| 18:16 | Research | Loom |
| 18:20 | Queue | Villager (Male) |
| 18:20 | Queue | Villager (Male) |
| 18:23 | Build | Farm |
| 18:35 | Queue | Villager (Male) |
| 18:35 | Queue | Villager (Male) |
| 18:35 | Queue | Villager (Male) |
| 18:39 | Queue | Villager (Male) |
| 18:40 | Queue | Villager (Male) |
| 18:40 | Queue | Villager (Male) |
| 18:44 | Queue | Villager (Male) |
| 18:44 | Queue | Villager (Male) |
| 18:57 | Queue | Villager (Male) |
| 18:57 | Queue | Villager (Male) |
| 19:01 | Build | Farm |
| 19:02 | Build | Farm |
| 19:03 | Queue | Villager (Male) |
| 19:05 | Build | Farm |
| 19:06 | Queue | Villager (Male) |
| 19:18 | Queue | Villager (Male) |
| 19:18 | Queue | Villager (Male) |
| 19:20 | Build | Farm |
| 19:29 | Queue | Villager (Male) |
| 19:30 | Queue | Villager (Male) |
| 19:33 | Queue | Villager (Male) |
| 19:34 | Queue | Villager (Male) |
| 19:39 | Build | Farm |
| 19:41 | Queue | Villager (Male) |
| 19:41 | Queue | Villager (Male) |
| 19:49 | Build | Barracks |
| 19:50 | Build | House |
| 19:55 | Build | Barracks |
| 19:57 | Queue | Villager (Male) |
| 19:57 | Queue | Villager (Male) |
| 20:00 | Queue | Villager (Male) |
| 20:09 | Queue | Villager (Male) |
| 20:16 | Queue | Villager (Male) |
| 20:16 | Queue | Villager (Male) |
| 20:25 | Build | Farm |
| 20:27 | Queue | Villager (Male) |
| 20:31 | Queue | Villager (Male) |
| 20:31 | Queue | Villager (Male) |
| 20:37 | Build | House |
| 20:40 | Build | Stable |
| 20:41 | Build | Stable |
| 20:48 | Queue | Villager (Male) |
| 20:48 | Queue | Villager (Male) |
| 20:51 | Queue | Villager (Male) |
| 20:51 | Queue | Villager (Male) |
Build order — GoodMan
First 150 of 365 actions detected
| 0:01 | Queue | Villager (Male) |
| 0:01 | Queue | Villager (Male) |
| 0:01 | Queue | Villager (Male) |
| 0:02 | Build | House |
| 0:05 | Build | House |
| 0:09 | Queue | Villager (Male) |
| 1:34 | Queue | Villager (Male) |
| 1:34 | Queue | Villager (Male) |
| 1:44 | Build | Lumber Camp |
| 1:57 | Queue | Villager (Male) |
| 1:58 | Queue | Villager (Male) |
| 1:58 | Queue | Villager (Male) |
| 2:29 | Queue | Villager (Male) |
| 2:29 | Queue | Villager (Male) |
| 3:07 | Queue | Villager (Male) |
| 3:07 | Queue | Villager (Male) |
| 3:23 | Build | House |
| 3:51 | Queue | Villager (Male) |
| 3:51 | Queue | Villager (Male) |
| 3:55 | Build | House |
| 4:24 | Queue | Villager (Male) |
| 5:03 | Build | Mill |
| 5:12 | Queue | Villager (Male) |
| 5:39 | Queue | Villager (Male) |
| 5:42 | Queue | Villager (Male) |
| 5:42 | Queue | Villager (Male) |
| 5:42 | Queue | Villager (Male) |
| 6:33 | Queue | Villager (Male) |
| 6:47 | Build | Mining Camp |
| 7:14 | Queue | Villager (Male) |
| 7:28 | Build | Farm |
| 7:37 | Build | Farm |
| 7:43 | Build | Farm |
| 7:57 | Build | Farm |
| 8:12 | Queue | Villager (Male) |
| 8:48 | Queue | Villager (Male) |
| 8:52 | Research | Feudal Age |
| 8:52 | Research | Feudal Age |
| 9:00 | Build | Mining Camp |
| 9:04 | Build | House |
| 9:30 | Build | Palisade Wall |
| 9:34 | Build | Palisade Wall |
| 9:39 | Build | Palisade Wall |
| 10:02 | Build | House |
| 10:17 | Build | Palisade Wall |
| 10:21 | Build | Palisade Wall |
| 10:53 | Build | Palisade Wall |
| 10:56 | Build | Palisade Wall |
| 11:02 | Age | Feudal Age |
| 11:05 | Build | Watch Tower |
| 11:05 | Queue | Villager (Male) |
| 11:11 | Build | Blacksmith |
| 11:16 | Queue | Villager (Male) |
| 11:29 | Build | Watch Tower |
| 11:43 | Research | Fletching |
| 11:43 | Research | Fletching |
| 11:53 | Queue | Villager (Male) |
| 12:09 | Build | Watch Tower |
| 12:19 | Queue | Villager (Male) |
| 12:30 | Queue | Villager (Male) |
| 12:37 | Build | Palisade Gate |
| 13:04 | Queue | Villager (Male) |
| 13:07 | Build | Market |
| 13:14 | Queue | Villager (Male) |
| 13:56 | Queue | Villager (Male) |
| 14:23 | Queue | Villager (Male) |
| 14:38 | Research | Castle Age |
| 14:38 | Research | Castle Age |
| 15:11 | Research | Double-Bit Axe |
| 15:31 | Research | Horse Collar |
| 15:40 | Research | Gold Mining |
| 15:40 | Research | Gold Mining |
| 15:52 | Build | House |
| 17:18 | Age | Castle Age |
| 17:26 | Queue | Villager (Male) |
| 17:36 | Research | Bodkin Arrow |
| 17:36 | Research | Bodkin Arrow |
| 17:53 | Queue | Villager (Male) |
| 18:05 | Build | Castle |
| 18:09 | Queue | Villager (Male) |
| 18:25 | Queue | Villager (Male) |
| 18:34 | Build | Siege Workshop |
| 18:49 | Build | Palisade Wall |
| 18:58 | Queue | Villager (Male) |
| 19:17 | Queue | Battering Ram |
| 19:23 | Build | Mining Camp |
| 19:29 | Queue | Longbowman |
| 19:29 | Queue | Longbowman |
| 19:32 | Queue | Villager (Male) |
| 19:54 | Queue | Villager (Male) |
| 20:01 | Queue | Longbowman |
| 20:11 | Queue | Longbowman |
| 20:22 | Queue | Villager (Male) |
| 20:28 | Queue | Longbowman |
| 20:28 | Queue | Longbowman |
| 20:29 | Queue | Longbowman |
| 20:45 | Queue | Villager (Male) |
| 20:49 | Queue | Longbowman |
| 20:49 | Queue | Longbowman |
| 21:11 | Build | Castle |
| 21:18 | Queue | Villager (Male) |
| 21:37 | Queue | Longbowman |
| 21:58 | Queue | Longbowman |
| 22:21 | Build | House |
| 22:32 | Queue | Villager (Male) |
| 22:43 | Queue | Longbowman |
| 22:53 | Queue | Battering Ram |
| 23:20 | Queue | Longbowman |
| 23:20 | Queue | Longbowman |
| 23:22 | Queue | Villager (Male) |
| 23:47 | Queue | Longbowman |
| 23:48 | Queue | Longbowman |
| 23:54 | Build | Farm |
| 23:56 | Build | Farm |
| 23:57 | Build | Farm |
| 23:59 | Build | Farm |
| 24:00 | Build | House |
| 24:15 | Queue | Longbowman |
| 24:15 | Queue | Longbowman |
| 24:28 | Queue | Longbowman |
| 24:28 | Queue | Longbowman |
| 24:39 | Build | Lumber Camp |
| 24:41 | Build | Farm |
| 24:41 | Build | Farm |
| 24:42 | Build | Farm |
| 24:44 | Build | Farm |
| 24:58 | Queue | Longbowman |
| 24:58 | Queue | Longbowman |
| 25:06 | Queue | Villager (Male) |
| 25:20 | Queue | Villager (Male) |
| 25:22 | Build | Farm |
| 25:29 | Queue | Longbowman |
| 25:29 | Queue | Longbowman |
| 25:30 | Queue | Longbowman |
| 25:43 | Build | Farm |
| 25:50 | Queue | Longbowman |
| 25:51 | Queue | Longbowman |
| 25:51 | Queue | Longbowman |
| 25:51 | Queue | Longbowman |
| 25:51 | Queue | Longbowman |
| 25:51 | Queue | Longbowman |
| 26:01 | Queue | Villager (Male) |
| 26:55 | Queue | Villager (Male) |
| 26:56 | Build | Farm |
| 27:01 | Queue | Longbowman |
| 27:01 | Queue | Longbowman |
| 27:02 | Queue | Longbowman |
| 27:17 | Queue | Villager (Male) |
| 27:22 | Build | Town Center |
| 27:27 | Build | Town Center |
Match timeline
| 8:33 | VENON | OIGRES · age_up feudal |
| 8:36 | Ngoam_____ · age_up feudal |
| 8:51 | Ngoam_____ · first_building Barracks |
| 8:58 | [GDL] Botsito Industrial · age_up feudal |
| 9:30 | GoodMan · wall_segment Palisade Wall x11 |
| 9:34 | GoodMan · wall_segment Palisade Wall x9 |
| 9:39 | 近视主义不是近视 · age_up feudal |
| 9:39 | GoodMan · wall_segment Palisade Wall x6 |
| 10:12 | Ngoam_____ · first_building Stable |
| 10:17 | GoodMan · wall_segment Palisade Wall x9 |
| 10:21 | GoodMan · wall_segment Palisade Wall x5 |
| 10:28 | Capt. Eadk'an · first_building Barracks |
| 10:31 | VENON | Droga0 · age_up feudal |
| 10:53 | GoodMan · wall_segment Palisade Wall x5 |
| 10:56 | GoodMan · wall_segment Palisade Wall x5 |
| 11:02 | GoodMan · age_up feudal |
| 11:12 | VENON | Sigfridinho · age_up feudal |
| 11:47 | Capt. Eadk'an · age_up feudal |
| 11:49 | Capt. Eadk'an · first_building Stable |
| 12:45 | 近视主义不是近视 · first_building Barracks |
| 12:58 | 近视主义不是近视 · age_up castle |
| 13:39 | [GDL] Botsito Industrial · wall_segment Palisade Wall x1 |
| 13:40 | [GDL] Botsito Industrial · wall_segment Palisade Wall x1 |
| 13:40 | [GDL] Botsito Industrial · wall_segment Palisade Wall x1 |
| 13:47 | VENON | OIGRES · wall_segment Palisade Wall x1 |
| 13:48 | VENON | OIGRES · wall_segment Palisade Wall x1 |
| 14:13 | GoodMan · first_market_buy 100 food |
| 14:14 | GoodMan · first_market_sell 100 wood |
| 14:47 | 近视主义不是近视 · first_building Stable |
| 14:48 | VENON | Sigfridinho · age_up castle |
| 14:54 | VENON | Droga0 · age_up castle |
| 15:01 | VENON | OIGRES · wall_segment Palisade Wall x1 |
| 15:02 | VENON | OIGRES · wall_segment Palisade Wall x1 |
| 15:04 | VENON | OIGRES · wall_segment Palisade Wall x1 |
| 15:17 | Capt. Eadk'an · age_up castle |
| 15:30 | [GDL] Botsito Industrial · first_building Barracks |
| 15:42 | [GDL] Botsito Industrial · wall_segment Palisade Wall x1 |
| 15:47 | 近视主义不是近视 · first_market_buy 100 wood |
| 16:09 | VENON | Sigfridinho · first_market_buy 100 wood |
| 16:14 | VENON | Sigfridinho · first_building Monastery |
| 16:20 | VENON | OIGRES · wall_segment Palisade Wall x1 |
| 16:23 | VENON | OIGRES · wall_segment Palisade Wall x1 |
| 16:24 | VENON | OIGRES · wall_segment Palisade Wall x1 |
| 16:27 | VENON | OIGRES · wall_segment Palisade Wall x1 |
| 17:18 | GoodMan · age_up castle |
| 17:28 | VENON | OIGRES · wall_segment Palisade Wall x1 |
| 17:47 | VENON | Droga0 · first_market_buy 100 wood |
| 18:05 | GoodMan · first_building Castle |
| 18:34 | GoodMan · first_building Siege Workshop |
| 18:35 | [GDL] Botsito Industrial · wall_segment Palisade Wall x5 |
| 18:36 | [GDL] Botsito Industrial · wall_segment Palisade Wall x5 |
| 18:42 | VENON | Droga0 · first_market_sell 100 stone |
| 18:45 | [GDL] Botsito Industrial · wall_segment Palisade Wall x2 |
| 18:48 | [GDL] Botsito Industrial · wall_segment Palisade Wall x6 |
| 18:49 | GoodMan · wall_segment Palisade Wall x1 |
| 18:50 | Capt. Eadk'an · first_building Monastery |
| 18:52 | [GDL] Botsito Industrial · wall_segment Palisade Wall x3 |
| 19:32 | [GDL] Botsito Industrial · wall_segment Palisade Wall x1 |
| 19:49 | VENON | Droga0 · first_building Barracks |
| 20:05 | [GDL] Botsito Industrial · wall_segment Palisade Wall x3 |
| 20:40 | VENON | Droga0 · first_building Stable |
| 21:04 | VENON | OIGRES · first_building Barracks |
| 21:24 | [GDL] Botsito Industrial · wall_segment Palisade Wall x1 |
| 22:43 | VENON | Sigfridinho · first_building Barracks |
| 22:51 | VENON | OIGRES · first_market_buy 100 food |
| 22:53 | VENON | OIGRES · age_up castle |
| 23:36 | VENON | OIGRES · first_building Siege Workshop |
| 23:43 | VENON | OIGRES · first_building Monastery |
| 24:24 | [GDL] Botsito Industrial · first_building Siege Workshop |
| 25:06 | Ngoam_____ · age_up castle |
| 25:09 | VENON | Droga0 · first_building Krepost |
| 25:16 | [GDL] Botsito Industrial · age_up castle |
| 25:19 | Ngoam_____ · first_market_buy 100 wood |
| 26:08 | [GDL] Botsito Industrial · first_market_sell 100 wood |
| 26:11 | 近视主义不是近视 · first_building Monastery |
| 26:38 | VENON | Sigfridinho · first_building Siege Workshop |
| 26:42 | Ngoam_____ · first_building Siege Workshop |
| 27:14 | Ngoam_____ · first_market_sell 100 food |
| 27:52 | VENON | Droga0 · wall_segment Stone Wall x1 |
| 27:56 | VENON | Sigfridinho · age_up imperial |
| 28:26 | [GDL] Botsito Industrial · first_building Archery Range |
| 28:32 | VENON | Droga0 · first_building Monastery |
| 29:01 | VENON | Sigfridinho · first_building Castle |
| 29:52 | 近视主义不是近视 · age_up imperial |
| 30:12 | 近视主义不是近视 · first_building Archery Range |
| 30:16 | [GDL] Botsito Industrial · first_market_buy 100 stone |
| 31:01 | Ngoam_____ · wall_segment Stone Wall x1 |
| 31:01 | VENON | Droga0 · first_building Castle |
| 31:42 | VENON | OIGRES · wall_segment Stone Wall x1 |
| 31:47 | VENON | Droga0 · first_building Siege Workshop |
| 32:23 | Capt. Eadk'an · first_market_sell 100 wood |
| 32:40 | GoodMan · tribute_sent a jugador 1 |
| 32:40 | GoodMan · tribute_sent a jugador 2 |
| 32:40 | GoodMan · tribute_sent a jugador 3 |
| 32:40 | GoodMan · tribute_sent a jugador 4 |
| 32:40 | GoodMan · tribute_sent a jugador 5 |
| 32:40 | GoodMan · tribute_sent a jugador 6 |
| 32:40 | GoodMan · tribute_sent a jugador 8 |
| 33:15 | VENON | Droga0 · age_up imperial |
| 33:17 | VENON | Droga0 · wall_segment Palisade Wall x1 |
| 33:25 | GoodMan · wall_segment Stone Wall x3 |
| 33:27 | GoodMan · wall_segment Stone Wall x1 |
| 33:28 | GoodMan · wall_segment Stone Wall x4 |
| 33:30 | GoodMan · wall_segment Stone Wall x5 |
| 33:33 | GoodMan · wall_segment Stone Wall x5 |
| 33:37 | GoodMan · wall_segment Stone Wall x3 |
| 34:25 | VENON | Droga0 · tribute_sent a jugador 1 |
| 34:25 | VENON | Droga0 · tribute_sent a jugador 2 |
| 34:25 | VENON | Droga0 · tribute_sent a jugador 3 |
| 34:25 | VENON | Droga0 · tribute_sent a jugador 4 |
| 34:25 | VENON | Droga0 · tribute_sent a jugador 5 |
| 34:25 | VENON | Droga0 · tribute_sent a jugador 7 |
| 34:25 | VENON | Droga0 · tribute_sent a jugador 8 |
| 34:52 | Capt. Eadk'an · first_building Archery Range |
| 34:56 | Capt. Eadk'an · age_up imperial |
| 34:58 | 近视主义不是近视 · first_building Siege Workshop |
| 35:09 | Ngoam_____ · first_building Monastery |
| 35:47 | GoodMan · wall_segment Stone Wall x1 |
| 37:00 | VENON | Droga0 · first_building Archery Range |
| 38:03 | GoodMan · first_building Barracks |
| 38:09 | VENON | Sigfridinho · first_market_sell 500 wood |
| 38:37 | GoodMan · wall_segment Palisade Wall x1 |
| 38:47 | 近视主义不是近视 · first_building Castle |
| 39:14 | VENON | OIGRES · first_market_sell 500 wood |
| 40:38 | Ngoam_____ · resign |
| 40:40 | VENON | Droga0 · wall_segment Stone Wall x8 |
| 40:42 | GoodMan · age_up imperial |
[ AI ANALYSIS · 1 CREDIT ]
What really happened in this match?
Wolo.gg analyzes every decision: build order, eco, micro, common mistakes by bracket. Personalized analysis on WhatsApp or Discord in 30 seconds.
Civ guide
Teutons
Perfil
VENON | Sigfridinho